 Dungeon Crawl Stone Soup version 0.23.2-1-ga50397a (webtiles) character file.

Game seed: 9258992203287594601

2028 MalarOregon the Grappler (level 9, 0/80 HPs)
             Began as a Ghoul Gladiator on May 30, 2019.
             Was a Believer of Makhleb.
             Slain by an orc warrior
             ... wielding a +0 glaive
              (22 damage)
             ... in a bailey.
             The game lasted 00:09:13 (5466 turns).

MalarOregon the Grappler (Ghoul Gladiator)          Turns: 5466, Time: 00:09:13

Health: 0/80       AC:  4    Str: 21    XL:     9   Next: 23%
Magic:  11/11      EV: 12    Int:  3    God:    Makhleb [**....]
Gold:   269        SH:  4    Dex: 10    Spells: 8/8 levels left

rFire    . . .     SeeInvis .     - Unarmed
rCold    + . .     Gourm    .   r - +0 buckler
rNeg     + + +     Faith    .   l - +0 leather armour
rPois    ∞         Spirit   .   b - +0 helmet
rElec    .         Reflect  .   (no cloak)
rCorr    .         Harm     .   (no gloves)
MR       .....                  (no boots)
Stlth    ++........             (no amulet)
HPRegen  0.00/turn              (no ring)
MPRegen  0.12/turn              (no ring)

@: flying, rotting
A: rotting body, claws 1, carnivore, cold resistance 1, negative energy
resistance 3, inhibited regeneration, torment resistance, unbreathing
a: Minor Destruction, Renounce Religion


You were in a bailey.
You worshipped Makhleb.
Makhleb was pleased with you.
You were not hungry.

You visited 2 branches of the dungeon, and saw 8 of its levels.
You also visited: Bailey.

You collected 269 gold pieces.

Inventory:

Missiles
 c - 2 throwing nets (quivered) {!f}
Armour
 b - a +0 helmet (worn)
 l - a +0 leather armour (worn)
   (You found it on level 1 of the Dungeon)
 r - a +0 buckler (worn)
   (You found it on level 3 of the Dungeon)
Wands
 w - a wand of polymorph (11)
   (You found it on level 5 of the Dungeon)
Scrolls
 f - 3 scrolls of noise {!r}
 i - a scroll of identify {@r1}
 k - 3 scrolls of enchant weapon
 m - 2 scrolls of remove curse {@r2}
 n - 3 scrolls of teleportation {@r4}
 s - a scroll of fog
Potions
 a - a potion of magic
 d - 3 potions of might
 h - 2 potions of ambrosia {unknown}
 j - 2 potions of curing {unknown}
 p - 2 potions of flight
 q - 2 potions of haste {@q3}
 u - 3 potions of lignification {unknown}
Comestibles
 e - 15 rations {!d}
 g - 10 chunks of flesh


   Skills:
 + Level 7.7 Fighting
 - Level 1.7 Throwing
 - Level 2.6 Dodging
 - Level 3.1 Stealth
 - Level 4.0 Shields
 + Level 8.2 Unarmed Combat
 + Level 4.1 Invocations


You had 8 spell levels left.
You didn't know any spells.
Your spell library contained the following spells:

 Spells                   Type           Power        Failure   Level  Hunger
 Confusing Touch          Hex            #.....       56%         1    ##.....
 Confuse                  Hex            #.......     91%         3    ####...
 Gell's Gravitas          Tloc           #.........   91%         3    ####...
 Petrify                  Tmut/Erth      #.......     100%        4    #####..
 Metabolic Englaciation   Hex/Ice        #.........   100%        5    ######.
 Yara's Violent Unravell  Hex/Tmut       #.........   100%        5    ######.


Dungeon Overview and Level Annotations

Branches:
Dungeon (7/15)             Temple (1/1) D:6

Altars:
Ashenzari
Cheibriados
Dithmenos
Elyvilon
Fedhas
Gozag
Hepliaklqana
Kikubaaqudgha
Makhleb
Nemelex Xobeh
Okawaru
Qazlal
Ru
Sif Muna
Trog
Uskayaw
Vehumet
Wu Jian
Xom
Yredelemnul
Zin

Annotations:
D:4 3 runed translucent doors, Grendash's ghost, amateur MiFi; YoVRotEtogoKazino's ghost, amateur GrBe; diana's ghost, amateur DrCj


Innate Abilities, Weirdness & Mutations

Your body is rotting away.
You thrive on raw meat.
You are immune to poison.
You have sharp fingernails.
You are carnivorous and can eat meat at any time.
Your flesh is cold resistant. (rC+)
You are immune to negative energy. (rN+++)
You do not regenerate when monsters are visible.
You are immune to unholy pain and torment.
You can survive without breathing.


Message History

Things that are here:
a +0 trident; a +0 chain mail; an orc skeleton
Things that are here:
a +0 spear; a +0 chain mail An orc comes into view.
It is wielding a +0 halberd.
An orc is nearby!
An orc comes into view. It is wielding a +0 spear.
The orc shouts! x2
You block the orc's attack.
An orc comes into view. It is wielding a +0 halberd.
The orc hits you with a +0 halberd. The orc misses you.
The orc shouts!
You claw the orc!
You kill the orc!
Makhleb accepts your kill.
An orc warrior comes into view. It is wielding a +0 glaive.
The orc hits you but does no damage.
You completely miss the orc. The orc hits you but does no damage.
The orc hits you from afar with a +0 halberd!
The orc warrior shouts!
You scratch the orc. The orc completely misses you.
You barely miss the orc. The orc closely misses you.
You claw the orc!
You kill the orc!
Makhleb accepts your kill.
You can now harness Makhleb's destructive might.
The orc warrior barely misses you. The orc barely misses you.
The orc warrior hits you with a +0 glaive!!
Found a gate leading back out of this place.
Things that are here:
a +0 spear; a +0 chain mail; an orc corpse You closely miss the orc warrior.
The orc completely misses you.
You scratch the orc warrior but do no damage.
The orc warrior misses you. The orc barely misses you.
You scratch the orc warrior but do no damage.
The orc warrior hits you with a +0 glaive!!
* * * LOW HITPOINT WARNING * * *
The orc closely misses you.
Aim: an orc warrior, wielding a +0 glaive and wearing a +0 chain mail The glob of acid hits the orc.
The orc is splashed with acid.
The acid corrodes the orc!
You kill the orc!
Makhleb accepts your kill.
Aim: an orc warrior, wielding a +0 glaive and wearing a +0 chain mail The glob of acid hits the orc warrior!
The orc warrior is splashed with acid.
The acid corrodes the orc warrior!
The orc warrior is splashed with acid.
The acid corrodes the orc warrior!
The orc warrior hits you from afar with a +0 glaive!!
You die...

##########
.........##
≈≈≈≈≈≈..## ...≈≈..##
#..≈≈..##########
##))≈≈..........#
#.∩.##..≈≈≈≈≈≈≈≈≈≈.#
#... ##.....o.@..≈.#
### ##########.≈.#
##.≈.# ##).≈.#
##.)≈≈.# #..≈≈.##
#..≈≈.∩# ##..≈≈.#
##..≈.#


You could see an orc warrior.

Vanquished Creatures
  Sigmund (D:4)
  Edmund (D:6)
  An ice beast (D:6)
  A sky beast (D:6)
  2 ogres
  2 centaurs (D:5)
  A bullfrog (D:6)
  A water moccasin zombie (D:7)
  A scorpion (D:6)
  4 wights (D:6)
  A howler monkey (D:6)
  2 crimson imps
  A bullfrog zombie (D:7)
  4 hounds
  A centaur skeleton (D:5)
  2 iguanas
  3 orc wizards
  7 worker ants
  A hound zombie (D:6)
  A hound skeleton (D:6)
  A worker ant zombie (D:7)
  Robin (D:3)
  3 gnolls (D:7)
  7 adders
  A shadow imp (D:6)
  2 adder skeletons
  An adder zombie (D:5)
  4 worms
  4 leopard geckos
  25 orcs
  12 bats
  3 giant cockroaches
  8 hobgoblins
  7 jackals
  3 quokkas
  A ball python (D:3)
  7 frilled lizards
  23 goblins
  A jackal skeleton (D:7)
  10 kobolds
  A leopard gecko skeleton (D:2)
  11 rats
174 creatures vanquished.

Notes
Turn   | Place    | Note
-------+----------+-------------------------------------------
     0 | D:1      | MalarOregon the Ghoul Gladiator began the quest for the
                  | Orb.
     0 | D:1      | Reached XP level 1. HP: 17/17 MP: 0/0
   321 | D:1      | Reached XP level 2. HP: 22/24 MP: 1/1
   339 | D:1      | Reached skill level 1 in Stealth
   716 | D:1      | Reached XP level 3. HP: 27/30 MP: 2/2
   888 | D:2      | Found a sacrificial altar of Ru.
  1079 | D:2      | Reached skill level 4 in Unarmed Combat
  1094 | D:2      | Reached XP level 4. HP: 21/37 MP: 3/3
  1433 | D:3      | Found a basalt altar of Yredelemnul.
  1586 | D:3      | Noticed Robin
  1658 | D:3      | Killed Robin
  1658 | D:3      | Reached XP level 5. HP: 35/45 MP: 4/4
  1880 | D:3      | Found an iron altar of Okawaru.
  2446 | D:4      | Reached skill level 1 in Shields
  2572 | D:4      | Reached XP level 6. HP: 38/52 MP: 5/5
  2728 | D:4      | Reached skill level 5 in Unarmed Combat
  2976 | D:4      | Found a runed translucent gate.
  2976 | D:4      | Found a runed translucent gate.
  2976 | D:4      | Found a runed translucent gate.
  2976 | D:4      | Noticed Grendash's ghost (amateur MiFi)
  2977 | D:4      | Noticed diana's ghost (amateur DrCj)
  2977 | D:4      | Noticed YoVRotEtogoKazino's ghost (amateur GrBe)
  3038 | D:4      | Noticed Sigmund
  3056 | D:4      | Killed Sigmund
  3056 | D:4      | Reached XP level 7. HP: 42/60 MP: 6/6
  3452 | D:5      | Entered Level 5 of the Dungeon
  3457 | D:5      | Reached skill level 5 in Fighting
  3621 | D:5      | Found a white marble altar of Elyvilon.
  3677 | D:5      | Reached skill level 6 in Unarmed Combat
  4173 | D:6      | Found a staircase to the Ecumenical Temple.
  4179 | D:6      | Reached XP level 8. HP: 50/70 MP: 7/7
  4184 | Temple   | Entered the Ecumenical Temple
  4419 | Temple   | Became a worshipper of Makhleb the Destroyer
  4452 | D:6      | Noticed Edmund
  4480 | D:6      | Killed Edmund
  4621 | D:6      | Reached skill level 7 in Unarmed Combat
  4621 | D:6      | Reached skill level 1 in Invocations
  5253 | D:7      | Reached XP level 9. HP: 47/79 MP: 10/10
  5259 | D:7      | Reached * piety under Makhleb
  5264 | D:7      | Reached skill level 8 in Unarmed Combat
  5343 | D:7      | Found a flagged portal.
  5405 | Bailey   | Entered a bailey
  5451 | Bailey   | Reached ** piety under Makhleb
  5466 | Bailey   | Slain by an orc warrior

Skill      XL: |  1  2  3  4  5  6  7  8  9 |
---------------+----------------------------+-----
Stealth        | 1 2 3 |  3.1
Fighting       | 3 4 5 7 |  7.7
Unarmed Combat | 4 5 6 7 8 |  8.2
Shields        | 1 2 3 4 |  4.0
Invocations    | 3 4 |  4.1
Throwing       | |  1.7
Dodging        | |  2.6

Action                   |  1- 3 |  4- 6 |  7- 9 || total
-------------------------+-------+-------+-------++-------
Melee: Unarmed           |   128 |   255 |   245 ||   628
       Punch             |     1 |       |       ||     1
Throw: Throwing net      |       |     1 |       ||     1
Invok: Minor Destruction |       |       |     2 ||     2
  Use: Scroll            |       |       |    11 ||    11
       Potion            |       |       |     3 ||     3
 Stab: Sleeping          |     3 |     5 |     2 ||    10
       Distracted        |       |       |     2 ||     2
  Eat: Chunk             |     5 |    21 |    19 ||    45
Armor: Leather armour    |    41 |    67 |    27 ||   135
       Skin              |    10 |       |       ||    10
Dodge: Dodged            |   111 |   133 |   123 ||   367
Block: Buckler           |       |    11 |    35 ||    46
